 Dungeon Crawl Stone Soup version 0.30-a0-782-ge64f9170bb (webtiles) character file.

Game seed: 6554963118470531879

37 Dirtsage the Trooper (level 3, -5/33 HPs)
             Began as a Minotaur Fighter on Feb 20, 2023.
             Killed by nerve-wracking pain
             ... invoked by Jessica
              (11 damage)
             ... on level 2 of the Dungeon.
             The game lasted 00:01:45 (1088 turns).

Dirtsage the Trooper (Minotaur Fighter)             Turns: 1088, Time: 00:01:45

Health: -5/33      AC:  6    Str: 22    XL:     3   Next: 23%
Magic:  2/2        EV:  9    Int:  5    God:
Gold:   88         SH:  4    Dex:  9    Spells: 2/2 levels left

rFire   . . .      SeeInvis .    a - +0 war axe
rCold   . . .      Faith    .    c - +0 buckler
rNeg    . . .      Spirit   .    b - +0 scale mail
rPois   .          Reflect  .    (helmet restricted)
rElec   .          Harm     .    (no cloak)
rCorr   .          Rampage  .    (no gloves)
Will    .....                    (no boots) Stlth
                                 (no amulet)
HPRegen 0.25/turn                (no ring)
MPRegen 0.08/turn                (no ring)

@: no status effects
A: horns 2, retaliatory headbutt
a: no special abilities


You were on level 2 of the Dungeon.
You visited 1 branch of the dungeon, and saw 2 of its levels.

You collected 88 gold pieces.

Inventory:

Hand Weapons
 a - a +0 war axe (weapon)
Armour
 b - a +0 scale mail (worn)
 c - a +0 buckler (worn)
Scrolls
 e - 3 scrolls of identify {unknown}
 g - a scroll of butterflies {unknown}
 i - a scroll of amnesia {unknown}
 j - a scroll of blinking {unknown}
 l - a scroll of magic mapping {unknown}
 m - a scroll of poison {unknown}
 n - 2 scrolls of teleportation {unknown}
 o - a scroll of enchant weapon {unknown}
 p - a scroll of vulnerability {unknown}
Potions
 d - 2 potions of might
 f - 2 potions of attraction {unknown}
 h - a potion of haste {unknown}
 k - a potion of cancellation {unknown}


   Skills:
 + Level 4.2 Fighting
 * Level 4.0 Axes
 - Level 3.6 Armour
 - Level 3.6 Shields


You had 2 spell levels left.
You didn't know any spells.
Your spell library contained the following spells:

 Spells                   Type           Power      Damage    Failure   Level
 Ensorcelled Hibernation  Hex/Ice        0%         N/A       95%         2
 Spider Form              Tmut/Pois      0%         N/A       99%         3
 Anguish                  Hex/Necr       0%         N/A       100%        4
 Animate Dead             Necr           0%         N/A       100%        4
 Haunt                    Necr/Summ      0%         N/A       100%        7
 Infestation              Necr           0%         N/A       100%        8


Dungeon Overview and Level Annotations

Branches:
Dungeon (2/15)

Altars:

Annotations:
D:2 Jessica


Innate Abilities, Weirdness & Mutations

You have a pair of horns on your head.
You reflexively headbutt those who attack you in melee.


Message History

You closely miss the hobgoblin. Your headbutt misses the hobgoblin.
The hobgoblin hits you.
You take 1 damage, and have 30/33 hp.
You slash the hobgoblin!
You kill the hobgoblin!
Your Axes skill increases to level 4!
No target in view!
n - 2 scrolls labelled JUCHIXKEECE (gained 1) Jessica the Apprentice Sorceress comes into view.
She is wielding a +4 club and carrying a wand of digging (5).
Jessica shouts!
Health restored: 33 Jessica says, "Why did you come here?"
Jessica casts a spell at you. Pain shoots through your body!
You take 14 damage, and have 19/33 hp.
MASSIVE DAMAGE!!
You are too injured to fight recklessly!
You are too injured to fight recklessly!
You are too injured to fight recklessly!
You hit Jessica.
Jessica is severely wounded.
Jessica hits you but does no damage. Jessica hits you with a +4 club.
You take 2 damage, and have 17/33 hp.
You barely miss Jessica. You headbutt Jessica, but do no damage.
Jessica is severely wounded.
Jessica gestures at you while chanting. Pain shoots through your body!
* * * LOW HITPOINT WARNING * * *
You take 8 damage, and have 9/33 hp.
MASSIVE DAMAGE!!
You closely miss Jessica.
Jessica is severely wounded.
A worm comes into view.
Jessica hits you with a +4 club.
* * * LOW HITPOINT WARNING * * *
You take 4 damage, and have 5/33 hp.
You closely miss Jessica.
Jessica is severely wounded.
You block Jessica's attack. Jessica gestures at you while chanting.
Pain shoots through your body!
You die...

....####.........
...## ##.##.###.#
..## ........w#
.## .###.###.#
....# #. #.# #.#
###.# #. #.# #.##
# #.# #.# #..
###.# #.# #@#
.##.# #.# #@#
..#.# #.###.###.#
.##.# #.........#
....########.#####
.............#
##############


You could see a worm and Jessica.

Vanquished Creatures
  An adder (D:2)
  A worm (D:2)
  2 dart slugs
  5 ball pythons
  An endoplasm (D:1)
  A giant cockroach (D:1)
  A hobgoblin (D:2)
  A jackal (D:1)
  3 quokkas
  2 bats
  A frilled lizard (D:1)
  2 kobolds
  A rat (D:1)
22 creatures vanquished.

Notes
Turn   | Place    | Note
-------+----------+-------------------------------------------
     0 | D:1      | Dirtsage the Minotaur Fighter began the quest for the Orb.
     0 | D:1      | Reached XP level 1. HP: 19/19 MP: 0/0
   112 | D:1      | Reached XP level 2. HP: 26/27 MP: 1/1
   155 | D:1      | Found a faded altar of an unknown god.
   866 | D:2      | Reached XP level 3. HP: 33/33 MP: 2/2
  1082 | D:2      | Noticed Jessica
  1088 | D:2      | Killed from afar by Jessica

Illustrated notes

Levels and vault maps discovered:
D:1:      dpeg_arrival_radiant, layout_loops_cross,
          shapermc_ecumenical_altar_starsandcircs, minmay_pentomino_s4
D:2:      layout_loops_corners, basic_altar, small_statue_intersection,
          uniq_jessica

Skill      XL: |  1  2  3 |
---------------+----------+-----
Axes           | 3 4 |  4.0
Fighting       | 4 |  4.2
Armour         | |  3.6
Shields        | |  3.6

Action                     || total
---------------------------++-------
  Melee: War axe           ||    53
         Headbutt          ||     5
 Armour: Scale mail        ||    20
  Dodge: Dodged            ||    24
  Block: Buckler           ||    13

Table legend: (Time is in decaauts)
 A = Elapsed time spent in this place.
 B = Non-inter-level travel time spent in this place.
 C = Inter-level travel time spent in this place.
 D = Time resting spent in this place.
 E = Time spent auto-exploring this place.
 F = Levels seen in this place.
 G = Mean time per level.
                   A        B        C        D        E       F      G
               +--------+--------+--------+--------+--------+-----+--------+
         Total |   1106 |   1053 |     53 |      0 |    903 |   2 |  553.0 |
       Dungeon |   1106 |   1053 |     53 |      0 |    903 |   2 |  553.0 |
               +--------+--------+--------+--------+--------+-----+--------+

Top non-repeatable levels by time:
     D:1: 781 daAuts
     D:2: 325 daAuts
